 Dungeon Crawl Stone Soup version 0.30.0 (webtiles) character file.

Game seed: 15331732912876442280

44649 jagoly the Thaumaturge (level 14, -24/110 HPs)
             Began as a Djinni Conjurer on May 20, 2023.
             Was a Follower of Makhleb.
             Hit by a large rock thrown by a stone giant (51 damage)
             ... on level 1 of the Depths.
             The game lasted 01:36:07 (16070 turns).

jagoly the Thaumaturge (Djinni Conjurer)           Turns: 16070, Time: 01:36:08

Health: -24/110    AC: 14    Str: 12    XL:     14   Next: 67%
Gold:   560        EV: 15    Int: 28    God:    Makhleb [*.....] SH:  5 Dex: 16

rFire   + . .        b - staff of air
rCold   . . .        m - +0 buckler {AC+3}
rNeg    + + .        I - +1 steam dragon scales
rPois   ∞            L - +2 helmet {Int+3}
rElec   +            h - scarf {repulsion}
rCorr   +            M - +1 pair of gloves of the Past {Str+2 Dex+4 Slay+2}
SInv    +            (boots unavailable)
Will    +....        E - amulet of regeneration
Stlth   ++           A - ring "Logod" {rC+ Str+4 SInv}
HPRegen 1.18/turn    X - ring "Rafekkan" {rF- rN++ rCorr}
MPRegen 0.00/turn

%: repel missiles, infuse magic (-25 HP)
@: flying
A: sickness immunity, fire resistance 2, cold vulnerability 1, float, innate
caster, HP casting, extra vitality 1
a: Renounce Religion


You were on level 1 of the Depths.
You worshipped Makhleb.
Makhleb was aware of your devotion.
You visited 3 branches of the dungeon, and saw 17 of its levels.
You also visited: Trove.

You collected 841 gold pieces.
You spent 281 gold pieces at shops.

Inventory:

Hand Weapons
 a - the +8 short sword of Nekoxurch {freeze, Stlth+}
   (You found it on level 5 of the Dungeon)

   Stlth:     It makes you more stealthy.
Missiles
 f - 49 poisoned darts
 t - 3 silver boomerangs
 C - 3 silver javelins
 F - 5 curare-tipped darts
 U - 5 javelins
Armour
 h - a scarf of repulsion (worn)
 m - a +0 buckler of protection (worn)
 r - a +0 tower shield of cold resistance
 G - a +1 cloak of willpower
 I - +1 steam dragon scales (worn)
 K - a +1 helmet of see invisible
 L - a +2 helmet of intelligence (worn)
 M - the +1 pair of gloves of the Past (worn) {Str+2 Dex+4 Slay+2}
   (You found it in a treasure trove)

   Str:       It affects your strength (+2).
   Dex:       It affects your dexterity (+4).
   Slay:      It affects your accuracy & damage with ranged weapons and melee
   (+2).
Magical Staves
 b - a staff of air (weapon)
 Z - the staff of death "Kian" {rC+ rN+ Str+3 Int-5}
   (You took it off a yaktaur captain on level 13 of the Dungeon)

   [staff of death]

   Your inability to study Necromancy prevents you from drawing on the full
   power of this staff in melee.
   Base accuracy: +5 Base damage: 5 Base attack delay: 1.2 This weapon's minimum
   attack delay (0.6) is reached at skill level 12.
   Str:       It affects your strength (+3).
   Int:       It affects your intelligence (-5).
   rC:        It protects you from cold.
   rN:        It protects you from negative energy.
   It falls into the 'Staves' category.
   It is a one-handed weapon.
Jewellery
 l - a +4 ring of protection
 A - the ring "Logod" (left hand) {rC+ Str+4 SInv}
   (You took it off a yaktaur captain on level 13 of the Dungeon)

   [ring of see invisible]

   Str:       It affects your strength (+4).
   rC:        It protects you from cold.
   SInv:      It lets you see invisible.
 E - an amulet of regeneration (around neck)
 T - a ring of protection from fire
 X - the ring "Rafekkan" (right hand) {rF- rN++ rCorr}
   (You found it on level 12 of the Dungeon)

   [ring of resist corrosion]

   rF:        It makes you vulnerable to fire.
   rN:        It greatly protects you from negative energy.
   rCorr:     It protects you from acid and corrosion.
Wands
 c - a wand of flame (31)
 J - a wand of roots (14)
 W - a wand of charming (4)
Scrolls
 g - 4 scrolls of immolation
 i - a scroll of brand weapon
 k - 5 scrolls of fog
 p - a scroll of summoning
 q - 2 scrolls of blinking
 s - a scroll of vulnerability
 v - a scroll of enchant weapon
 y - 7 scrolls of teleportation
 B - a scroll of torment {unknown}
 D - 6 scrolls of magic mapping
 N - 2 scrolls of poison
 O - a scroll of silence {unknown}
 V - 4 scrolls of fear
Potions
 d - 9 potions of curing
 e - 4 potions of might
 j - 2 potions of brilliance
 n - a potion of mutation {unknown}
 o - a potion of ambrosia
 u - a potion of cancellation {unknown}
 w - 5 potions of attraction
 x - a potion of invisibility {unknown}
 H - a potion of berserk rage {unknown}
 Q - a potion of heal wounds
 R - 2 potions of haste
 S - 3 potions of lignification
Miscellaneous
 P - a box of beasts
 Y - a phial of floods


   Skills:
 + Level 13.3 Fighting
 - Level 2.0 Throwing
 + Level 7.7 Dodging
 - Level 2.0 Stealth
 - Level 4.0 Shields
 * Level 13.5 Spellcasting
 - Level 6.0 Invocations
 - Level 6.0 Evocations


You knew the following spells:

 Your Spells              Type           Power      Damage    Failure   Level
a - Magic Dart            Conj           100%       1d8       0%          1
b - Spider Form           Tmut/Pois      76%        N/A       1%          3
c - Dazzling Flash        Conj/Hex       100%       N/A       1%          3
d - Fulminant Prism       Conj/Hex       38%        3d17      1%          4
e - Leda's Liquefaction   Hex/Erth       38%        N/A       1%          4
h - Ensorcelled Hibernat  Hex/Ice        100%       N/A       1%          2
k - Kiss of Death         Conj/Necr      100%       2d13      0%          1
r - Lee's Rapid Deconstr  Erth           38%        3d19*     1%          5
s - Searing Ray           Conj           100%       2d8       1%          2
M - Iskenderun's Mystic   Conj/Tloc      76%        2d15      1%          4
V - Summon Mana Viper     Hex/Summ       76%        N/A       1%          5
Your spell library was empty.

Dungeon Overview and Level Annotations

Branches:
Dungeon (15/15) Zot: 25690  Temple (1/1) D:4 Zot: 5955    Lair (0/5) D:8
    Orc (0/2) D:12         Vaults (0/5) D:13         Depths (1/4) D:15 Zot: 5986

Altars:
Ashenzari
Cheibriados
Dithmenos
Elyvilon
Fedhas
Gozag
Hepliaklqana
Makhleb
Nemelex Xobeh
Okawaru
Qazlal
Ru
Trog
Uskayaw
Wu Jian
Xom
Yredelemnul
Zin
The Shining One

Shops:
D:9 !   D:10 ?

Annotations:
D:8 exclusion: downstairs
D:12 exclusion: downstairs
Temple 2 transporters


Innate Abilities, Weirdness & Mutations

You are immune to sickness and miasma.
You are immune to poison.
Your flesh is very heat resistant. (rF++)
You are vulnerable to cold. (rC-)
You float through the air rather than walking.
You learn spells naturally, not from books.
Your magical power is your life essence.
You have superior vitality. (+4 MHP)


Message History

D - 6 scrolls of magic mapping (gained 1)
Things that are here:
a +0 long sword; 4 stones You see here 4 large rocks.
Found a staircase to the Depths.
A guardian mummy comes into view.
Things that are here:
a +0 long sword; a +0 robe; a +4 ring of protection Cast which spell? (? or * to list)
Aiming: Lee's Rapid Deconstruction (mildly dangerous; 1% risk of failure)
Press: ? - help, Dir - move target, f - you You cannot affect that.
Okay, then.
You see here 4 large rocks.
You start waiting.
A guardian mummy is nearby!
Cast which spell? (? or * to list)
Aiming: Lee's Rapid Deconstruction (mildly dangerous; 1% risk of failure)
Press: ? - help, Dir - move target A rock wall.
The wall shatters!
The blast of rock fragments hits the guardian mummy!!
The guardian mummy is heavily damaged.
Cast which spell? (? or * to list)
Aiming: Lee's Rapid Deconstruction (mildly dangerous; 1% risk of failure)
Press: ? - help, Dir - move target A rock wall.
The wall shatters!
The blast of rock fragments hits the guardian mummy!
The guardian mummy is severely damaged.
Cast which spell? (? or * to list)
Aiming: Lee's Rapid Deconstruction (mildly dangerous; 1% risk of failure)
Press: ? - help, Dir - move target A rock wall.
The wall shatters!
The blast of rock fragments hits the guardian mummy!!
You destroy the guardian mummy!
Makhleb accepts your kill.
You feel extremely nervous for a moment...
You are engulfed in negative energy!
You feel dopey.
HP restored.
You see here 4 large rocks.
Your pack is full.
Things that are here:
a +0 long sword; a +0 robe; a +4 ring of protection You drop a +2 heavy longbow.
l - a +4 ring of protection You see here a +1 dagger of speed.
Found 6 stones.
Your pack is full.
You see here a scroll of identify.
As you read the scroll of identify, it crumbles to dust.
z - a scroll of amnesia You drop a scroll of amnesia.
You see here 6 stones.
You now have 544 gold pieces (gained 25).
Found a great sword.
You now have 560 gold pieces (gained 16).
You see here a +0 great sword.
You see here a +0 great sword.
You see here a +0 ring mail.
Things that are here:
a +0 long sword; 4 stones You see here 4 large rocks.
You see here the +0 leather armour of Yredelemnul, Sharing {-Cast rElec rPois}.
A meliai simulacrum comes into view.
The meliai simulacrum moves out of view.
A tengu warrior comes into view. It is wielding a +1 great mace.
Unknown command.
Cast which spell? (? or * to list)
Aiming: Lee's Rapid Deconstruction (mildly dangerous; 1% risk of failure)
Press: ? - help, Dir - move target A rock wall.
The wall shatters!
The blast of rock fragments hits the tengu warrior!!!
The tengu warrior is severely wounded.
Cast which spell? (? or * to list)
Aiming: Lee's Rapid Deconstruction (mildly dangerous; 1% risk of failure)
Press: ? - help, Dir - move target A rock wall.
The wall shatters!
The blast of rock fragments hits the tengu warrior!!!
You kill the tengu warrior!
Makhleb accepts your kill.
Things that are here:
a +1 great mace; a +0 leather armour; a tengu corpse
J - a wand of roots (14) (gained 7 charges)
Found a mace.
You reach down and open the door.
There is an open door here.
A death knight comes into view. It is wielding a +3 battleaxe.
Cast which spell? (? or * to list)
Aiming: Lee's Rapid Deconstruction (mildly dangerous; 1% risk of failure)
Press: ? - help, Dir - move target A rock wall.
The wall shatters!
The blast of rock fragments hits the death knight.
The death knight is lightly wounded.
The death knight offers itself to Yredelemnul, and fills with unholy energy.
Cast which spell? (? or * to list)
Okay, then.
The death knight mumbles some strange prayers to Yredelemnul against you.
Your body is wracked with pain!
There is an open door here.
Cast which spell? (? or * to list)
Aiming: Lee's Rapid Deconstruction (mildly dangerous; 1% risk of failure)
Press: ? - help, Dir - move target A rock wall.
The wall shatters!
The blast of rock fragments hits the death knight!!
The death knight is heavily wounded.
Cast which spell? (? or * to list)
Aiming: Lee's Rapid Deconstruction (mildly dangerous; 1% risk of failure)
Press: ? - help, Dir - move target A rock wall.
The wall shatters!
The blast of rock fragments hits the death knight.
The death knight is heavily wounded.
Cast which spell? (? or * to list)
Aiming: Lee's Rapid Deconstruction (mildly dangerous; 1% risk of failure)
Press: ? - help, Dir - move target A rock wall.
The wall shatters!
The blast of rock fragments hits the death knight!
The death knight is severely wounded.
Cast which spell? (? or * to list)
Aiming: Lee's Rapid Deconstruction (mildly dangerous; 1% risk of failure)
Press: ? - help, Dir - move target A rock wall.
The wall shatters!
The blast of rock fragments hits the death knight!!
You kill the death knight!
Makhleb accepts your kill.
You feel your intelligence returning.
Things that are here:
a +3 battleaxe; a +0 chain mail
There is an open door here.
Found a stone staircase leading up.
There is a stone staircase leading up here.
You reach down and open the door.
There is an open door here.
An ogre mage and a two-headed ogre come into view.
The two-headed ogre shouts in stereo!
The ogre mage shouts!
The ogre shouts!
A two-headed ogre comes into view. It is wielding two +0 giant clubs.
The two-headed ogre moves out of view.
The two-headed ogre shouts in stereo!
Cast which spell? (? or * to list)
Aiming: Lee's Rapid Deconstruction (mildly dangerous; 1% risk of failure)
Press: ? - help, Dir - move target A gravestone.
The statue shatters!
The blast of rock fragments hits the two-headed ogre!
The two-headed ogre is moderately wounded.
The blast of rock fragments hits the ogre!!!
You kill the ogre!
Makhleb accepts your kill.
You feel better.
The blast of rock fragments hits the ogre mage!!
The ogre mage is heavily wounded.
A two-headed ogre comes into view. It is wielding two +0 giant clubs.
Cast which spell? (? or * to list)
Aiming: Lee's Rapid Deconstruction (mildly dangerous; 1% risk of failure)
Press: ? - help, Dir - move target A gravestone.
The statue shatters!
The blast of rock fragments hits the two-headed ogre!!
The two-headed ogre is almost dead.
The blast of rock fragments hits the ogre mage!
The ogre mage is heavily wounded.
The blast of rock fragments hits the two-headed ogre!!
The two-headed ogre is heavily wounded.
The blast of rock fragments hits the two-headed ogre!!
The two-headed ogre is moderately wounded.
The two-headed ogre shouts in stereo!
Cast which spell? (? or * to list)
Aiming: Lee's Rapid Deconstruction (mildly dangerous; 1% risk of failure)
Press: ? - help, Dir - move target A rock wall.
The wall shatters!
The blast of rock fragments hits the ogre mage!!
The ogre mage is almost dead.
The blast of rock fragments hits the withered plant!!!
The withered plant begins to crumble.
The withered plant is moderately damaged.
You hear two shouts!
The ogre mage points at you and mumbles some strange words.
The bolt of magma hits the withered plant!!!
The bolt of magma hits you. You partially resist.
Cast which spell? (? or * to list)
Aiming: Lee's Rapid Deconstruction (mildly dangerous; 1% risk of failure)
Press: ? - help, Dir - move target A rock wall.
The wall shatters!
The blast of rock fragments hits the ogre mage!!
You kill the ogre mage!
Makhleb accepts your kill.
The blast of rock fragments hits the withered plant!!
The withered plant is severely damaged.
Cast which spell? (? or * to list)
Aiming: Lee's Rapid Deconstruction (mildly dangerous; 1% risk of failure)
Press: ? - help, Dir - move target A gravestone.
The statue shatters!
The blast of rock fragments hits the two-headed ogre!!!
You kill the two-headed ogre!
Makhleb accepts your kill. x2
You feel a bit more experienced.
You hear two shouts!
Cast which spell? (? or * to list)
Aiming: Lee's Rapid Deconstruction (mildly dangerous; 1% risk of failure)
Press: ? - help, Dir - move target A gravestone.
The statue shatters!
The blast of rock fragments hits the two-headed ogre!!
The two-headed ogre is severely wounded.
Cast which spell? (? or * to list)
Aiming: Lee's Rapid Deconstruction (mildly dangerous; 1% risk of failure)
Press: ? - help, Dir - move target A rock wall.
The wall shatters!
The blast of rock fragments hits the two-headed ogre!!
You kill the two-headed ogre!
Makhleb accepts your kill.
A two-headed ogre is nearby!
Cast which spell? (? or * to list)
Aiming: Lee's Rapid Deconstruction (mildly dangerous; 1% risk of failure)
Press: ? - help, Dir - move target A rock wall.
The wall shatters!
The blast of rock fragments hits the two-headed ogre!!
The two-headed ogre is severely wounded.
Cast which spell? (? or * to list)
Aiming: Lee's Rapid Deconstruction (mildly dangerous; 1% risk of failure)
Press: ? - help, Dir - move target A rock wall.
The wall shatters!
The blast of rock fragments hits the two-headed ogre!!!
You kill the two-headed ogre!
Makhleb accepts your kill.
There is an open door here.
Things that are here:
a +0 giant club; a +0 giant club; a two-headed ogre corpse
Things that are here:
a +0 giant club; a +0 giant club You see here a +1 dagger of speed.
A centaur warrior comes into view.
Cast which spell? (? or * to list)
Aiming: Lee's Rapid Deconstruction (mildly dangerous; 1% risk of failure)
Press: ? - help, Dir - move target A rock wall.
The wall shatters!
The blast of rock fragments hits the centaur warrior!!
The centaur warrior is moderately wounded.
The centaur warrior shouts!
The centaur warrior wields a +0 shortbow.
The centaur warrior shoots an arrow.
The arrow hits you!
Cast which spell? (? or * to list)
Aiming: Lee's Rapid Deconstruction (mildly dangerous; 1% risk of failure)
Press: ? - help, Dir - move target A rock wall.
The wall shatters!
The blast of rock fragments hits the centaur warrior!!
The centaur warrior is almost dead.
The centaur warrior shoots an arrow.
You block the arrow.
The centaur warrior shoots an arrow.
The arrow hits you!
Cast which spell? (? or * to list)
Aiming: Lee's Rapid Deconstruction (mildly dangerous; 1% risk of failure)
Press: ? - help, Dir - move target A rock wall.
The wall shatters!
The blast of rock fragments hits the centaur warrior!!
You kill the centaur warrior!
Makhleb accepts your kill.
You feel better.
Done exploring.
Done exploring.
Level map cleared.
You see here a scroll of amnesia.
You see here 6 stones.
Key pressed, stopping explore.
What are your orders? t - Shout!
Orders for allies: a - Attack new target. r - Retreat! s - Stop attacking. g - Guard the area. f - Follow me.
Anything else - Cancel.
You shout for attention!
You see here a +0 great sword.
Key pressed, stopping explore.
What are your orders? t - Shout!
Orders for allies: a - Attack new target. r - Retreat! s - Stop attacking. g - Guard the area. f - Follow me.
Anything else - Cancel.
You shout for attention!
Key pressed, stopping explore.
What are your orders? t - Shout!
Orders for allies: a - Attack new target. r - Retreat! s - Stop attacking. g - Guard the area. f - Follow me.
Anything else - Cancel.
You shout for attention!
Key pressed, stopping explore.
What are your orders? t - Shout!
Orders for allies: a - Attack new target. r - Retreat! s - Stop attacking. g - Guard the area. f - Follow me.
Anything else - Cancel.
You shout for attention!
You see here 4 large rocks.
Things that are here:
a +2 heavy longbow; a +0 long sword; a +0 robe Key pressed, stopping explore.
What are your orders? t - Shout!
Orders for allies: a - Attack new target. r - Retreat! s - Stop attacking. g - Guard the area. f - Follow me.
Anything else - Cancel.
You shout for attention!
Things that are here:
a +0 giant club; a +0 giant club
Things that are here:
a +0 giant club; a +0 giant club Key pressed, stopping explore.
What are your orders? t - Shout!
Orders for allies: a - Attack new target. r - Retreat! s - Stop attacking. g - Guard the area. f - Follow me.
Anything else - Cancel.
You shout for attention!
You see here a +1 dagger of speed.
Things that are here:
a +0 spear; a +0 robe
Things that are here:
a +0 giant club; a +0 giant club
There is an open door here.
Things that are here:
a +0 giant club; a +0 giant club; a two-headed ogre skeleton Key pressed, stopping explore.
What are your orders? t - Shout!
Orders for allies: a - Attack new target. r - Retreat! s - Stop attacking. g - Guard the area. f - Follow me.
Anything else - Cancel.
You shout for attention!
Key pressed, stopping explore.
What are your orders? t - Shout!
Orders for allies: a - Attack new target. r - Retreat! s - Stop attacking. g - Guard the area. f - Follow me.
Anything else - Cancel.
You shout for attention!
Key pressed, stopping explore.
What are your orders? t - Shout!
Orders for allies: a - Attack new target. r - Retreat! s - Stop attacking. g - Guard the area. f - Follow me.
Anything else - Cancel.
You shout for attention!
Key pressed, stopping explore.
What are your orders? t - Shout!
Orders for allies: a - Attack new target. r - Retreat! s - Stop attacking. g - Guard the area. f - Follow me.
Anything else - Cancel.
You shout for attention!
Key pressed, stopping explore.
What are your orders? t - Shout!
Orders for allies: a - Attack new target. r - Retreat! s - Stop attacking. g - Guard the area. f - Follow me.
Anything else - Cancel.
You shout for attention!
Things that are here:
a +3 battleaxe; a +0 chain mail
There is an open door here.
Key pressed, stopping explore.
What are your orders? t - Shout!
Orders for allies: a - Attack new target. r - Retreat! s - Stop attacking. g - Guard the area. f - Follow me.
Anything else - Cancel.
You shout for attention!
A meliai simulacrum is nearby!
What are your orders? t - Shout!
Orders for allies: a - Attack new target. r - Retreat! s - Stop attacking. g - Guard the area. f - Follow me.
Anything else - Cancel.
Okay, then.
Cast which spell? (? or * to list)
Aiming: Lee's Rapid Deconstruction (mildly dangerous; 1% risk of failure)
Press: ? - help, Dir - move target, f - meliai simulacrum Fragment what (e.g. wall or brittle monster)?: a meliai simulacrum (wandering, hasn't noticed you)
The meliai simulacrum shatters!!
The meliai simulacrum vaporises!
Makhleb accepts your kill.
Remembered map restored.
Okay, then.
Okay, then.
Okay, then.
HP restored.
There is a staircase to the Depths here.
Okay, then.
Okay, then.
Okay, then.
You fly downwards.
Welcome to the Depths!
There is a staircase back to the Dungeon here.
Unknown command.
Cast which spell? (? or * to list)
Okay, then.
You fly upwards.
Welcome back to the Dungeon!
There is a staircase to the Depths here.
You start removing your armour.
You continue taking off your +1 cloak of willpower. x4
You finish taking off your +1 cloak of willpower.
You feel less strong-willed.
You start putting on your armour.
You continue putting on your scarf of repulsion. x5
You finish putting on your scarf of repulsion.
You are surrounded by a repulsion field.
You fly downwards.
Welcome back to the Depths!
There is a staircase back to the Dungeon here.
Cast which spell? (? or * to list)
A mana viper appears with a sibilant hiss.
The stone giant shouts!
Cast which spell? (? or * to list)
Aiming: Searing Ray (safe; 1% risk of failure)
Press: ? - help, Shift-Dir - straight line, f - stone giant
Aim: a stone giant, quivering large rocks (ally target, 100% to hit)
The searing ray hits the stone giant but does no damage. (Press . to maintain the ray.)
The stone giant throws a large rock.
The large rock hits you.
The searing ray hits the stone giant but does no damage.
The stone giant throws a large rock.
The large rock hits you!!
The searing ray hits the stone giant but does no damage.
Unknown command.
Unknown command.
Cast which spell? (? or * to list)
Aiming: Lee's Rapid Deconstruction (mildly dangerous; 1% risk of failure)
Press: ? - help, Dir - move target, f - you, p - stone giant You cannot affect that.
A staircase back to the Dungeon.
Okay, then.
Your mana viper bites the stone giant but does no damage.
Cast which spell? (? or * to list)
Aiming: Lee's Rapid Deconstruction (mildly dangerous; 1% risk of failure)
Press: ? - help, Dir - move target, p - stone giant A rock wall.
The wall shatters!
The blast of rock fragments hits the stone giant.
The stone giant is lightly wounded.
You hear an angry hiss.
You hear a shout!
You hear a deafening roar!
Your mana viper bites the stone giant.
Your mana viper bites the stone giant!
Press: ? - help, v - describe, . - travel
Here: a stone giant, quivering large rocks (lightly wounded, ally target)
The floor.
Throw: 6 darts (curare)
Press: ? - help, Shift-Dir - straight line, f - stone giant
Aim: a stone giant, quivering large rocks (lightly wounded, ally target, 91% to hit)
You throw a curare-tipped dart.
The curare-tipped dart hits the stone giant.
The stone giant is poisoned.
The stone giant convulses.
The stone giant seems to slow down.
The stone giant is moderately wounded.
Your mana viper bites the stone giant!
Cast which spell? (? or * to list)
Aiming: Lee's Rapid Deconstruction (mildly dangerous; 1% risk of failure)
Press: ? - help, Dir - move target, p - stone giant A rock wall.
Okay, then.
Your mana viper bites the stone giant but does no damage.
The stone giant throws a large rock.
The large rock hits you!!!
* * * LOW HITPOINT WARNING * * *
Your mana viper bites the stone giant but does no damage.
Cast which spell? (? or * to list)
Aiming: Lee's Rapid Deconstruction (mildly dangerous; 1% risk of failure)
Press: ? - help, Dir - move target, f - you, p - stone giant You cannot affect that.
Okay, then.
Okay, then.
Okay, then.
Unknown command.
Okay, then.
Unknown command.
Your mana viper barely misses the stone giant.
The stone giant throws a large rock.
The large rock hits you!!!
You die...

#...#
#...#
#...#
#S..#
#C<.#
#...#
##...#
#.####
#@#
#.#
#.#
#.#
###


You could see a stone giant (very poisoned, slow, ally target) and a friendly
mana viper (summoned).

Vanquished Creatures
  A fire giant (D:13)
  2 yaktaur captains (D:13)
  Erolcha (D:13)
  2 hydras
  8 vault guards (D:13)
  An ogre mage (D:15)
  2 centaur warriors
  2 boulder beetles
  3 death knights
  4 two-headed ogres (D:15)
  A tengu warrior (D:15)
  Sonja (D:12)
  2 skeletal warriors
  A flayed ghost (D:15)
  An orc knight (D:15)
  A necromancer (D:15)
  2 phantasmal warriors (D:13)
  7 ugly things
  A fire giant zombie (D:15)
  A shadow dragon skeleton (D:15)
  4 manticores
  2 deep elf pyromancers
  5 cyclopes
  Maggie (D:7)
  An ice statue (D:9)
  A gargoyle (D:11)
  2 freezing wraiths (D:14)
  An efreet (D:13)
  4 kobold demonologists
  2 komodo dragons
  A troll (D:10)
  A guardian mummy (D:15)
  3 meliai (D:14)
  Grinder (D:6)
  A hornet (D:9)
  4 slime creatures (D:14)
  A spriggan zombie (D:15)
  Sigmund (D:5)
  2 shadows
  A wyvern (D:7)
  6 yaks
  4 wraiths
  A vampire (D:12)
  Grum (D:8)
  A basilisk (D:14)
  A glowing shapeshifter zombie (D:15)
  15 vampire mosquitoes
  3 wargs
  Menkaure (D:4)
  A redback (shapeshifter) (D:14)
  5 acid dragons
  A water moccasin (D:7)
  3 sky beasts (D:7)
  A meliai simulacrum (D:15)
  9 orc warriors
  2 black bears
  3 wolves (D:8)
  2 ice beasts
  An ogre (D:15)
  5 centaurs
  A phantom (D:6)
  2 bullfrogs
  8 kobold brigands
  Blork the orc (D:4)
  5 scorpions
  18 killer bees
  6 howler monkeys
  6 hounds
  A jelly (D:6)
  A gnoll bouda (D:7)
  8 orc priests
  2 sleepcaps (D:5)
  2 iguanas (D:7)
  An iron imp (D:9)
  9 orc wizards
  7 gnolls
  15 adders
  A shadow imp (D:5)
  3 worms
  A dart slug (D:1)
  29 orcs
  5 giant cockroaches
  10 goblins
  6 hobgoblins
  A quokka (D:1)
  11 ball pythons
  6 bats
  A frilled lizard (D:1)
  53 kobolds
  3 rats
372 creatures vanquished.

Vanquished Creatures (others)
  167 fulminant prisms
  15 fungi (D:8)
  59 plants
  14 withered plants (D:15)
255 creatures vanquished.

Grand Total: 627 creatures vanquished

Notes
Turn   | Place    | Note
-------+----------+-------------------------------------------
     0 | D:1      | jagoly the Djinni Conjurer began the quest for the Orb.
     0 | D:1      | jagoly set off with the following spells memorised: Magic
                  | Dart, Searing Ray, Dazzling Flash, Fulminant Prism,
                  | Iskenderun's Mystic Blast.
     0 | D:1      | Reached XP level 1. HP: 15/15 MP: 0/0
   204 | D:1      | Reached XP level 2. HP: 20/21 MP: 0/0
   844 | D:2      | Reached XP level 3. HP: 20/25 MP: 0/0
   844 | D:2      | Learned a level 1 spell: Kiss of Death
  1342 | D:2      | Found a shadowy altar of Dithmenos.
  1660 | D:3      | Reached XP level 4. HP: 27/31 MP: 0/0
  1795 | D:3      | Found a hide-covered altar of Uskayaw.
  1965 | D:3      | Noticed an ice beast
  1988 | D:3      | Killed an ice beast
  1989 | D:3      | Reached skill level 5 in Spellcasting
  1989 | D:3      | Reached XP level 5. HP: 16/35 MP: 0/0
  1989 | D:3      | Learned a level 2 spell: Ensorcelled Hibernation
  2157 | D:4      | Found a staircase to the Ecumenical Temple.
  2187 | Temple   | Entered the Ecumenical Temple
  2187 | Temple   | Found a transporter.
  2187 | Temple   | Found a transporter.
  2189 | Temple   | Found a transporter.
  2189 | Temple   | Found a transporter.
  2211 | Temple   | Became a worshipper of Makhleb the Destroyer
  2449 | D:4      | Noticed Blork the orc
  2469 | D:4      | Reached XP level 6. HP: 39/41 MP: 0/0
  2676 | D:4      | Reached skill level 1 in Fighting
  2875 | D:4      | Noticed Menkaure
  2881 | D:4      | Killed Menkaure
  2882 | D:4      | Reached XP level 7. HP: 42/49 MP: 0/0
  2882 | D:4      | Learned a level 3 spell: Spider Form
  2924 | D:4      | Reached * piety under Makhleb
  3604 | D:4      | Killed Blork the orc
  3725 | D:5      | Entered Level 5 of the Dungeon
  4173 | D:5      | Noticed Sigmund
  4180 | D:5      | Reached XP level 8. HP: 43/56 MP: 0/0
  4182 | D:5      | Killed Sigmund
  4404 | D:5      | Identified the +8 short sword of Nekoxurch {freeze, Stlth+}
  5164 | D:6      | Noticed Grinder
  5173 | D:6      | Killed Grinder
  5174 | D:6      | Reached skill level 5 in Fighting
  5174 | D:6      | Reached XP level 9. HP: 42/65 MP: 0/0
  5174 | D:6      | Learned a level 4 spell: Leda's Liquefaction
  5395 | D:6      | Reached ** piety under Makhleb
  6318 | D:7      | Found a shadowy altar of Dithmenos.
  6338 | D:7      | Found a glowing silver altar of Zin.
  6338 | D:7      | Found a blossoming altar of Fedhas.
  6416 | D:7      | Noticed Maggie
  6422 | D:7      | Killed Maggie
  6474 | D:7      | Reached skill level 1 in Shields
  6554 | D:7      | Reached XP level 10. HP: 72/76 MP: 0/0
  7127 | D:8      | Found a stormy altar of Qazlal.
  7580 | D:8      | Found a staircase to the Lair.
  7990 | D:8      | Reached skill level 1 in Invocations
  8203 | D:8      | Reached *** piety under Makhleb
  8584 | D:8      | Noticed Grum
  8668 | D:8      | Killed Grum
  9273 | D:9      | Found a transporter.
  9275 | D:9      | Found a transporter.
  9450 | D:9      | Noticed an ice statue
  9473 | D:9      | Killed an ice statue
  9474 | D:9      | Reached XP level 11. HP: 80/84 MP: 0/0
  9474 | D:9      | Learned a level 5 spell: Lee's Rapid Deconstruction
  9494 | D:9      | Identified the +1 robe "Leunag" {rPois rCorr Str-5 Int+5}
  9598 | D:9      | Reached skill level 10 in Spellcasting
  9674 | D:9      | Reached **** piety under Makhleb
  9693 | D:9      | Reached skill level 10 in Fighting
  9726 | D:9      | Found a transporter.
  9730 | D:9      | Found a transporter.
  9735 | D:9      | Found a transporter.
  9735 | D:9      | Found a transporter.
  9792 | D:9      | Found Sage Wus's Distillery.
  9809 | D:9      | Found a snail-covered altar of Cheibriados.
 10051 | D:9      | Bought a potion of heal wounds for 75 gold pieces
 10051 | D:9      | Bought a potion of haste for 150 gold pieces
 10084 | D:10     | Entered Level 10 of the Dungeon
 10209 | D:10     | Reached skill level 1 in Evocations
 10228 | D:10     | Reached skill level 1 in Throwing
 10314 | D:10     | Found Attuisk's Magic Scroll Boutique.
 10324 | D:10     | Bought a scroll of poison for 56 gold pieces
 10586 | D:11     | Noticed a cyclops
 10663 | D:11     | Noticed a cyclops
 10676 | D:11     | Killed a cyclops
 10680 | D:11     | Killed a cyclops
 11147 | D:12     | Noticed a cyclops
 11149 | D:12     | Killed a cyclops
 11247 | D:12     | Found a staircase to the Orcish Mines.
 11272 | D:12     | Reached XP level 12. HP: 92/93 MP: 0/0
 11278 | D:12     | Identified the ring "Rafekkan" {rF- rN++ rCorr}
 11360 | D:12     | Noticed a boulder beetle
 11373 | D:12     | Killed a boulder beetle
 11449 | D:12     | Reached ***** piety under Makhleb
 11559 | D:12     | Noticed Sonja
 12043 | D:12     | Found a staircase to the Orcish Mines.
 12092 | D:12     | Killed Sonja
 12130 | D:13     | Noticed a death knight
 12132 | D:13     | Noticed a skeletal warrior
 12139 | D:13     | Killed a skeletal warrior
 12406 | D:13     | Noticed a six-headed hydra
 12410 | D:13     | Killed a death knight
 12414 | D:13     | Killed a six-headed hydra
 12467 | D:13     | Noticed a boulder beetle
 12478 | D:13     | Killed a boulder beetle
 12479 | D:13     | Reached XP level 13. HP: 30/100 MP: 0/0
 12479 | D:13     | Learned a level 5 spell: Summon Mana Viper
 12580 | D:13     | Identified the staff of death "Kian" {rC+ rN+ Str+3 Int-5}
 12580 | D:13     | Identified the ring "Logod" {rC+ Str+4 SInv}
 12580 | D:13     | Noticed a yaktaur captain
 12581 | D:13     | Found a runed translucent door.
 12617 | D:13     | Noticed a vault guard
 12617 | D:13     | Noticed a vault guard
 12618 | D:13     | Noticed a vault guard
 12626 | D:13     | Killed a vault guard
 12626 | D:13     | Noticed a vault guard
 12628 | D:13     | Noticed a vault guard
 12629 | D:13     | Killed a vault guard
 12630 | D:13     | Killed a vault guard
 12630 | D:13     | Killed a vault guard
 12630 | D:13     | Noticed a vault guard
 12631 | D:13     | Noticed a vault guard
 12633 | D:13     | Noticed a vault guard
 12635 | D:13     | Killed a vault guard
 12640 | D:13     | Killed a vault guard
 12831 | D:13     | Noticed Erolcha
 12846 | D:13     | Killed Erolcha
 12926 | D:13     | Noticed a yaktaur captain
 12930 | D:13     | Noticed a fire giant
 12951 | D:13     | Killed a vault guard
 12952 | D:13     | Reached skill level 5 in Dodging
 12971 | D:13     | Killed a vault guard
 12972 | D:13     | Reached skill level 5 in Invocations
 13074 | D:13     | Found a portal to a secret trove of treasure.
 13089 | Trove    | Entered a treasure trove
 13120 | Trove    | Found the +3 pair of gauntlets of War {Slay+5}
 13127 | Trove    | Identified the +1 pair of gloves of the Evening {-Cast
                  | Will+ Dex+2}
 13128 | Trove    | Identified the +1 pair of gloves of the Past {Str+2 Dex+4
                  | Slay+2}
 13143 | Trove    | Found the +10 tower shield of Ignorance {rN+ Int-4}
 13151 | Trove    | Identified the +0 tower shield "Laupn" {rC+ Int+2 Dex+3
                  | Stlth-}
 13232 | Trove    | Found the +3 pair of mountain boots {steadfast, rC+}
 13240 | Trove    | Identified the +2 pair of boots of Decompression {-Cast
                  | rN++ Will+ SInv}
 13264 | D:13     | Found a gate to the Vaults.
 13541 | D:13     | Killed a yaktaur captain
 13541 | D:13     | Killed a yaktaur captain
 13542 | D:13     | Reached skill level 5 in Evocations
 13543 | D:13     | Killed a fire giant
 13634 | D:14     | Noticed a centaur warrior
 13729 | D:14     | Noticed an eight-headed hydra
 13734 | D:14     | Killed an eight-headed hydra
 14085 | D:14     | Killed a centaur warrior
 14124 | D:14     | Reached XP level 14. HP: 58/108 MP: 0/0
 14749 | D:15     | Entered Level 15 of the Dungeon
 15056 | D:15     | Found a staircase to the Depths.
 15251 | D:15     | Identified the +0 leather armour of Yredelemnul, Sharing
                  | {-Cast rElec rPois}
 15794 | D:15     | Found a staircase to the Depths.
 16046 | Depths:1 | Entered Level 1 of the Depths
 16046 | Depths:1 | Noticed a stone giant
 16070 | Depths:1 | Hit by a large rock thrown by a stone giant

Illustrated notes

Levels and vault maps discovered:
D:1:      grunt_arrival_lava_bath, layout_loops_corners
D:2:      layout_basic, basic_altar
D:3:      layout_rooms, nicolae_overflow_hidden_temple
D:4:      kennysheep_kobold_camp, layout_basic, minmay_temple_entry_offerings,
          uniq_menkaure, uniq_blork_the_orc
D:5:      layout_loops_ring, chequers_serial_rivers_micro_a,
          palyth_stone_intersect, minmay_checkerbox, uniq_sigmund
D:6:      layout_loops_corners, nicolae_half_adder, uniq_grinder
D:7:      layout_basic, gammafunk_temple_overflow_forgotten, uniq_maggie
D:8:      old_forge, layout_basic, nicolae_qazlal_scattered_showers,
          erik_lair_orcish_takeover, uniq_grum
D:9:      lemuel_ice_statue, layout_loops_corners, slow_altar_1, serial_shops,
          nicolae_shop_crystal, serial_nicolae_subway,
          nicolae_sub_station_stone, nicolae_sub_station_crystal,
          nicolae_sub_station_metal
D:10:     layout_layer_cave, nicolae_kikubaaqudgha_miasma_corner, serial_shops,
          shop
D:11:     layout_cave_pools
D:12:     wander_river, layout_basic, orc_0_dummy, uniq_sonja
D:13:     layout_irregular_city, erik_vaults_2, enter_trove_2,
          kennysheep_treasure_room, uniq_erolcha
D:14:     layout_rooms, infiniplex_staircase_zigzag_3
D:15:     gammafunk_depths_entry_grave, layout_loops_ring, serial_glass,
          glass_columns_a, glass_columns_a, glass_columns_a, glass_columns_a,
          glass_columns_a, glass_columns_a, glass_columns_a, glass_columns_a,
          glass_columns_a, glass_columns_c, roderic_serpentine_path
Temple:   hellmonk_temple_divided_pantheon
Depths:1: layout_small_grid, nicolae_figureground_sparkle, hangedman_geh_valley,
          serial_shops, shop, pan_entry, nzn_wu_jian_council_hall

Skill      XL: |  1  2  3  4  5  6  7  8  9 10 11 12 13 14 |
---------------+-------------------------------------------+-----
Stealth        | 2 |  2.0
Spellcasting   | 4 5 6 7 8 9 10 12 13 | 13.5
Fighting       | 2 3 5 8 9 10 11 12 13 | 13.3
Shields        | 1 3 4 |  4.0
Dodging        | 3 4 5 7 |  7.7
Invocations    | 2 3 5 6 |  6.0
Evocations     | 2 3 5 6 |  6.0
Throwing       | 2 |  2.0

Action                     |  1- 3 |  4- 6 |  7- 9 | 10-12 | 13-15 || total
---------------------------+-------+-------+-------+-------+-------++-------
  Melee: Staff             |       |     1 |    20 |       |       ||    21
         Short sword       |       |       |     5 |    21 |       ||    26
         Unarmed           |       |       |       |    12 |       ||    12
  Throw: Dart              |       |       |       |     1 |     2 ||     3
   Cast: Magic Dart        |    51 |    55 |    64 |    74 |     4 ||   248
         Searing Ray       |     2 |     8 |    17 |    33 |     2 ||    62
         Fulminant Prism   |       |     3 |    37 |   112 |    16 ||   168
         Ensorcelled Hiber |       |       |     2 |     4 |       ||     6
         Iskenderun's Myst |       |       |       |    14 |     4 ||    18
         Lee's Rapid Decon |       |       |       |    21 |   164 ||   185
         Leda's Liquefacti |       |       |       |     1 |       ||     1
         Summon Mana Viper |       |       |       |       |     1 ||     1
 Invoke: Minor Destruction |       |       |       |     8 |       ||     8
    Use: Scroll            |       |       |     8 |    10 |     7 ||    25
         Potion            |       |       |       |     1 |       ||     1
   Stab: Sleeping          |       |       |     2 |     2 |       ||     4
 Armour: Robe              |     2 |     2 |     6 |     7 |       ||    17
         Steam dragon scal |       |       |       |    29 |    14 ||    43
  Dodge: Dodged            |     2 |     8 |    14 |    68 |    18 ||   110
  Block: Buckler           |       |       |     2 |    27 |    13 ||    42
